[Event "Fast Chess"]
[Site "ChessKid.com"]
[Date "2020.04.21"]
[Round "1"]
[White "Gross, Lukas"]
[Black "Horvath, Alexander"]
[Result "1-0"]
[ECO "A00"]
[WhiteElo "1193"]
[BlackElo "1324"]
[Annotator "Dame in der Eröffnung"]
[PlyCount "47"]
[EventDate "2020.??.??"]
[TimeControl "300+50"]
[WhiteClock "0:04:30"]
[BlackClock "0:04:44"]

1. g3 e5 2. Bg2 Bc5 3. Nh3 Qf6 $2 4. d3 Qc6 $4 5. Bxc6 dxc6 6. O-O Bxh3 7. Re1 Nf6 8. Be3 Bxe3 9. fxe3 O-O 10. d4 Rd8 11.
Na3 Na6 12. Nc4 exd4 13. exd4 c5 14. e3 cxd4 15. exd4 Bg4 16. Qd2 g6 17. Re7 Nc5 18. Qc3 Nce4 19. Rxe4 Nxe4 20. Qd3 Nc5 21. Qd2 Bf5 22. c3 Ne4 23. Qh6 b5 24. Na5 {[%emt 0:
00:59] RosyPopularArm won - game abandoned} 1-0

[Event "Fast Chess"]
[Site "ChessKid.com"]
[Date "2020.04.21"]
[Round "1"]
[White "Li, Tobias"]
[Black "Li, Patrick"]
[Result "0-1"]
[ECO "C55"]
[WhiteElo "1326"]
[BlackElo "1097"]
[Annotator "einzügiger Einsteller"]
[PlyCount "48"]
[EventDate "2020.??.??"]
[TimeControl "300+50"]
[WhiteClock "0:04:54"]
[BlackClock "0:05:06"]

1. e4 e5 2. Nf3 Nc6 3. Nc3 Nf6 4. Bc4 Bc5 5. Ng5 O-O 6.
Nxf7 Rxf7 7. Bxf7+ Kxf7 8. Qh5+ $4 Nxh5 9. d4 Bxd4 10. Bh6 Bxc3+ 11. bxc3 gxh6 12. O-O Nf4 13. h3 Ne2+ 14. Kh2 Nxc3 15. Rae1 d6 16. Re3 Qg5 17. Rg3 Qf4 18. Re1 Nd4 19. Ree3 Nde2 20. Rd3 Nxg3 21. Rxg3 Ne2 22. f3 Qxg3+ 23. Kh1 Nf4 24. a4 Qxg2# {[%emt 0:00:47] WideClassyQuiz won by checkmate} 0-1

[Event "Fast Chess"]
[Site "ChessKid.com"]
[Date "2020.04.21"]
[Round "2"]
[White "Li, Patrick"]
[Black "Georgiev, Maximilian"]
[Result "0-1"]
[ECO "C55"]
[WhiteElo "1094"]
[BlackElo "1382"]
[Annotator "Röntgenangriff"]
[PlyCount "74"]
[EventDate "2020.??.??"]
[TimeControl "300+50"]
[WhiteClock "0:05:09"]
[BlackClock "0:04:19"]

1. e4 e5 2. Nf3 Nc6 3. Nc3 Nf6 4. Bc4 h6 5. O-O Nxe4 6.
Nxe4 d5 7. Bd3 dxe4 8. Bxe4 Be7 9. d4 exd4 10. h3 O-O 11.
Qd3 Nb4 12. Qb3 a6 13. a3 Nc6 14. Qd3 Qd6 15. Bh7+ Kh8 16. Be4 Ne5 17. Nxe5 Qxe5 18. Qc4 $4 Be6 $2 19. Qd3 Qc5 20. Bxb7 Rab8 21. Be4 Bc4 22. Qf3 Bxf1 23. Kxf1 a5 24. b4 axb4 25. axb4 Qxb4 26. Qf5 g6 27. Qd7 Bf6 28. Ba3 Qa5 29. Bxf8 Qxa1+ 30. Ke2 Rxf8 31. Qxc7 Qa6+ 32. Kd2 Bg5+ 33. Ke1 Qa1+ 34. Ke2 Qc1 35. Qe7 Qd2+ 36. Kf1 Bxe7 37. Kg1 Bd6 {[%emt 0:00:48] TallSnazzyBall won by resignation} 0-1

[Event "Fast Chess"]
[Site "ChessKid.com"]
[Date "2020.04.21"]
[Round "2"]
[White "Gross, Lukas"]
[Black "Li, Tobias"]
[Result "0-1"]
[ECO "A00"]
[WhiteElo "1188"]
[BlackElo "1331"]
[Annotator "Abzug"]
[PlyCount "34"]
[EventDate "2020.??.??"]
[TimeControl "300+50"]
[WhiteClock "0:04:02"]
[BlackClock "0:04:45"]

1. g3 e5 2. Bg2 Nc6 3. Nh3 Nf6 4. O-O Bc5 5. e3 d6 6. c3 Bb6 7. d4 O-O 8. dxe5 dxe5 9. Bd2 e4 10. Ng5 Nd7 11. Qc2 Qxg5 12. h4 Qe7 13.
Bxe4 Nf6 14. Bg2 Re8 15. c4 Bg4 16. Re1 Qd6 17. e4 Qd4 {[%emt 0:01:04]
OnlyHungryKiwi won - game abandoned} 0-1

[Event "Fast Chess"]
[Site "ChessKid.com"]
[Date "2020.04.21"]
[Round "3"]
[White "Georgiev, Maximilian"]
[Black "Li, Tobias"]
[Result "1-0"]
[ECO "B01"]
[WhiteElo "1389"]
[BlackElo "1325"]
[Annotator "Eröffnungsfehler, Fesselung"]
[PlyCount "33"]
[EventDate "2020.??.??"]
[TimeControl "300+50"]
[WhiteClock "0:05:24"]
[BlackClock "0:05:48"]

1. e4 d5 2. exd5 Qxd5 3. Nc3 Qc6 $4 4. Bb5 Qd7 5. Bxd7+ Bxd7 6. Nf3 Nf6 7. O-O e6 8. a4 Bb4 9. d3 O-O 10. Bd2 e5 11. Ne4 Nxe4 12. dxe4 Nc6 13. Bxb4 Nxb4 14. Qxd7 Nxc2 15. Rac1 Nb4 16.
Qxc7 Nc6 17. Qxb7 {[%emt 0:00:49]
TallSnazzyBall won by resignation} 1-0

[Event "Fast Chess"]
[Site "ChessKid.com"]
[Date "2020.04.21"]
[Round "3"]
[White "Li, Patrick"]
[Black "Gross, Lukas"]
[Result "0-1"]
[ECO "B06"]
[WhiteElo "1088"]
[BlackElo "1194"]
[Annotator "Abtausch, Springergabel"]
[PlyCount "28"]
[EventDate "2020.??.??"]
[TimeControl "300+50"]
[WhiteClock "0:04:57"]
[BlackClock "0:04:24"]

1. e4 g6 2. Qf3 Nh6 3. Bc4 Bg7 4. d3 O-O 5. Bxh6 Bxh6 6. Nc3 Bg7 7. Qg3 d6 8. Nf3 e5 9. Ng5 Be6 10. Bxe6 fxe6 11. Qf3 $4 Rxf3 12. gxf3 Qxg5 13. Kf1 Qd2 14. Rd1 Qxc2 {[%emt 0:00:56] RosyPopularArm won by resignation} 0-1

[Event "Fast Chess"]
[Site "ChessKid.com"]
[Date "2020.04.21"]
[Round "3"]
[White "Horvath, Alexander"]
[Black "Sasse, Gabriel"]
[Result "1-0"]
[ECO "C50"]
[WhiteElo "1333"]
[BlackElo "1239"]
[Annotator "Fesselung, Königsangriff"]
[PlyCount "209"]
[EventDate "2020.??.??"]
[TimeControl "300+50"]
[WhiteClock "0:08:27"]
[BlackClock "0:05:17"]

1. e4 e5 2. Nf3 Nc6 3. Nc3 Bc5 4. Bc4 h6 5. d3 Nf6 6. O-O O-O 7. Nd5 d6 8. Nxf6+ Qxf6 9. b3 Qg6 10. Bd5 Bh3 11. Ne1 Bb4 12. Bd2 Bxd2 13. Qxd2 Nd4 14. c3 Nf3+ 15. Kh1 Nxd2 16. Rg1 Bg4 17. f3 Bc8 18. d4 exd4 19. cxd4 Qf6 20. g3 Qd8 21. Rg2 Qf6 22. Rxd2 Qg5 23. f4 Qd8 24. e5 dxe5 25. dxe5 c6 26. Bxf7+ Kxf7 27. Rxd8 Rxd8 28. Ng2 Bf5 29. Nh4 Bg6 30. f5 Bh7 31. e6+ Kf6 32. g4 Re8 33. Rg1 g5 34. Nf3 Red8 35. a4 Rd6 36. Re1 Re8 37. h4 gxh4 38.
Nxh4 Bg8 39. Kg2 Bxe6 40. fxe6 Rexe6 41. Rf1+ Kg5 42. Kh3 Re3+ 43. Nf3+ Kf6 44. Kh2 Rd4 45. Nxd4+ Ke5 46. Nc2 Re2+ 47. Kg1 Rxc2 48. Re1+ Kd4 49. Re7 Kc3 50. Rxb7 a5 51. Rb6 Kd3 52. Rb8 Ke3 53. Rf8 Kd3 54. Re8 Kc3 55. Re3+ Kb4 56. Rh3 Rc3 57. Rxh6 Rg3+ 58. Kf2 Rxg4 59. Rxc6 Kxb3 60. Kf3 Rxa4 61. Re6 Kb2 62. Re2+ Kb3 63. Re3+ Kc2 64. Re2+ Kc3 65. Re3+ Kd4 66. Re4+ Kc5 67. Rxa4 Kb5 68. Ra1 Kb4 69. Ke2 a4 70. Kd2 Kb3 71. Kc1 a3 72. Kb1 Ka4 73. Ka2 Kb4 74. Rb1+ Ka4 75. Rb3 Ka5 76. Rxa3+ Kb4 77. Rh3 Kc4 78. Kb2 Kd4 79. Kc2 Ke4 80. Kd2 Kf4 81. Ke2 Kg4 82. Rb3 Kh4 83. Kf2 Kg4 84. Ra3 Kh4 85. Kg2 Kg4 86. Ra4+ Kf5 87. Kf3 Ke5 88. Ke3 Kd5 89. Kd3 Ke5 90. Rb4 Kd5 91. Rb5+ Kc6 92. Rh5 Kd6 93. Ke4 Ke7 94. Rh6 Kf7 95. Kf5 Kg7 96. Ra6 Kh7 97. Kg5 Kg7 98. Ra7+ Kf8 99. Kf6 Ke8 100. Rh7 Kd8 101. Ke6 Kc8 102. Kd6 Kb8 103. Kc6 Ka8 104. Kb6 Kb8 105. Rh8# {[%emt 0:00:45] KeenOrangeTeeth won by checkmate
} 1-0

[Event "Fast Chess"]
[Site "ChessKid.com"]
[Date "2020.04.22"]
[Round "1"]
[White "Georgiev, Maximilian"]
[Black "Sasse, Gabriel"]
[Result "1-0"]
[ECO "C50"]
[WhiteElo "1429"]
[BlackElo "1241"]
[Annotator "Abzug"]
[PlyCount "69"]
[EventDate "2020.??.??"]
[TimeControl "180"]
[WhiteClock "0:00:58"]
[BlackClock "0:01:52"]

1. e4 e5 2. Nf3 Nc6 3. Bc4 Bc5 4. O-O h6 5. Nc3 Nf6 6. d3 O-O 7. a3 d6 8. b4 Bb6 9. h3 a6 10. Be3 Bxe3 11. fxe3 b5 12. Bb3 a5 13. Nd5 axb4 14. Nxf6+ Qxf6 15. axb4 Nxb4 $4 16.
Rxa8 Bb7 17. Ra1 $2 Qd8 18. c3 Nc6 19. Bd5 Qb8 20. c4 bxc4 21.
dxc4 Nb4 22. Bxb7 Qxb7 23. Rb1 c5 24. Qd2 Qc7 25. Qf2 Kh8 26.
Qg3 Kg8 27. Nh4 Kh8 28. Nf5 g6 29. Nxh6 Kh7 30. Qg5 Nc2 31.
Qh4 Nxe3 32. Rf3 Nxc4 33. Nxf7+ Kg7 34. Ng5 Qe7 35. Qh7# {[%emt 0:00:03] TallSnazzyBall
won by checkmate} 1-0

[Event "Fast Chess"]
[Site "ChessKid.com"]
[Date "2020.04.22"]
[Round "1"]
[White "Li, Patrick"]
[Black "Li, Tobias"]
[Result "0-1"]
[ECO "C57"]
[WhiteElo "1106"]
[BlackElo "1339"]
[Annotator "S+L gegen T+B Einschlag f7"]
[PlyCount "58"]
[EventDate "2020.??.??"]
[TimeControl "180"]
[WhiteClock "0:00:53"]
[BlackClock "0:00:02"]

1. e4 e5 2. Nf3 Nc6 3. Nc3 Nf6 4. Bc4 Bc5 5. Ng5 O-O 6.
Nxf7 Rxf7 7. Bxf7+ Kxf7 8. O-O Kg8 9. Qf3 d6 10. Qg3 Qd7 11.
d3 Qe6 12. Bh6 Nh5 13. Qh4 Qxh6 14. h3 Ng3 15. Qxg3 Bd4 16. Qf3 Be6 17. Nd5 Bxd5 18. exd5 Bxb2 19. Rab1 Nd4 20. Qe4 Ba3 21. Rxb7 Bc5 22. Qg4 Qg6 23. Qd7 Ne2+ 24. Kh2 Qe8 25. Qxc7 Qf8 26. Qd7 Nd4 27. Qe6+ $4 (27. f4)
27... Nxe6 28. Rxg7+ Qxg7 29. Rb1 Qxg2+ {[%emt 0:00:03] OnlyHungryKiwi won on time} 0-1

[Event "Fast Chess"]
[Site "ChessKid.com"]
[Date "2020.04.22"]
[Round "2"]
[White "Li, Tobias"]
[Black "Georgiev, Maximilian"]
[Result "0-1"]
[ECO "C50"]
[WhiteElo "1333"]
[BlackElo "1435"]
[Annotator "einzügiger Einsteller"]
[PlyCount "62"]
[EventDate "2020.??.??"]
[TimeControl "180"]
[WhiteClock "0:01:26"]
[BlackClock "0:01:09"]

1. e4 e5 2. Nf3 Nc6 3. Bc4 h6 4. c3 Nf6 5. d4 Be7 6. dxe5 O-O 7. exf6 Bxf6 8. O-O d6 9. Nbd2 Bg4 10. h3 Bh5 11. Qc2 a6 12. Re1 b5 13.
Bb3 Na5 14. a3 Nxb3 15. Qxb3 c6 16. c4 bxc4 17. Qxc4 d5 18.
exd5 cxd5 19. Qc2 d4 20. Qc4 Rc8 21. Rd1 $4 Rxc4 22. Nxc4 d3 23. Nce5 Bxe5 24. Nxe5 Bxd1 25. Be3 Ba4 26. Bc5 Re8 27. Nf3 d2 28. Nxd2 Qxd2 29. Be3 Qxb2 30. Re1 Qxa3 31. Bd4 Rxe1+ {[%emt 0:00:04] TallSnazzyBall won by resignation} 0-1

[Event "Fast Chess"]
[Site "ChessKid.com"]
[Date "2020.04.22"]
[Round "2"]
[White "Sasse, Gabriel"]
[Black "Dai, Lana"]
[Result "1-0"]
[ECO "C50"]
[WhiteElo "1250"]
[BlackElo "1258"]
[Annotator "einzügiger Einsteller"]
[PlyCount "77"]
[EventDate "2020.??.??"]
[TimeControl "180"]
[WhiteClock "0:00:03"]
[BlackClock "0:01:08"]

1. e4 e5 2. Nf3 Nc6 3. Bc4 h6 4. h3 Nf6 5. O-O a6 6. Nc3 Bc5 7. d3 O-O 8. Ne1 b5 9. Bb3 b4 10. Nb1 Nd4 11. Qf3 $4 Nxf3+ 12. Nxf3 d6 13. c3 bxc3 14. Nxc3 Bd4 15. Nd5 Nxd5 16. exd5 Qf6 17. Nxd4 exd4 18. Bd2 Qh4 19. Bd1 Qf6 20. Rc1 Qg6 21. Bg4 Bxg4 22. hxg4 Rac8 23. f3 Qxd3 24. Be1 Qe3+ 25. Bf2 Qd2 26. Rcd1 Qxb2 27. Bxd4 Qxa2 28. Ra1 Qxd5 29. Rfd1 a5 30. Bxg7 Qc5+ 31. Bd4 Qc6 32. Rxa5 Qc2 33. Raa1 Qe2 34. Re1 Qd3 35. Red1 Qe2 36. Re1 Qd3 37. Rad1 Qg6 38. Bb2 Qh7 39. Ba3 {[%emt 0:00:02]
LimeFarActor won on time} 1-0

[Event "Fast Chess"]
[Site "ChessKid.com"]
[Date "2020.04.22"]
[Round "3"]
[White "Dai, Lana"]
[Black "Georgiev, Maximilian"]
[Result "1-0"]
[ECO "C55"]
[WhiteElo "1270"]
[BlackElo "1424"]
[Annotator "Abzug"]
[PlyCount "61"]
[EventDate "2020.??.??"]
[TimeControl "180"]
[WhiteClock "0:01:38"]
[BlackClock "0:00:47"]

1. e4 e5 2. Nf3 Nc6 3. Nc3 Nf6 4. Bc4 h6 5. a3 Be7 6. h3 a6 7. O-O O-O 8. Nd5 Nxd5 9. exd5 Na7 10. Nxe5 b5 11. Bd3 c6 12. dxc6 dxc6 13.
Be4 Qc7 14. d4 Rb8 15. Bf4 $1 c5 $4 16. dxc5 Qxc5 17. Nd3 Qb6 18.
Bxb8 Qxb8 19. b4 Qe5 20. Nxe5 Bf6 21. Ng4 Bxa1 22. Qf3 Bxg4 23. Qxg4 f5 24. Bd5+ Kh8 25. Qg6 Rf6 26. Qe8+ Kh7 27. Qg8+ Kg6 28. Qe8+ Kh7 29. Bg8+ Kh8 30. Bf7+ Kh7 31. Qg8# {
[%emt 0:00:03] TopBrownCave won by checkmate} 1-0

[Event "Fast Chess"]
[Site "ChessKid.com"]
[Date "2020.04.22"]
[Round "3"]
[White "Sasse, Gabriel"]
[Black "Li, Tobias"]
[Result "0-1"]
[ECO "C55"]
[WhiteElo "1244"]
[BlackElo "1339"]
[Annotator "einzügiger Einsteller"]
[PlyCount "132"]
[EventDate "2020.??.??"]
[TimeControl "180"]
[WhiteClock "0:00:07"]

1. e4 e5 2. Nf3 Nc6 3. Bc4 Bc5 4. Nc3 Nf6 5. h3 O-O 6. O-O Re8 7. a3 h6 8. b4 Bd4 9. Nxd4 exd4 10. Nb5 a6 11. Nxd4 $4 Nxd4 12. c3 Nc6 13. Re1 Rxe4 14. Rxe4 Nxe4 15. Bd3 Nf6 16. Qf3 d6 17. Qg3 Qe7 18. Bb2 Bd7 19. c4 Ne5 20. f4 Nxd3 21. Qxd3 Qe4 22. Qxe4 Nxe4 23. Re1 Nxd2 24. Bc3 Nxc4 25. a4 Bxa4 26. Re7 c5 27. bxc5 dxc5 28. Rxb7 Nd6 29. Rc7 c4 30. Rc5 Bb3 31. Rd5 Nb5 32. Ba1 Nc7 33. Rc5 Ne6 34. Re5 a5 35. f5 Nf4 36. Re4 Nh5 37. Rd4 Nf6 38.
Rf4 a4 39. Rf3 a3 40. Rf4 a2 41. Rf3 Rd8 42. Rf1 Ne4 43. Re1 Ng3 44. Rc1 Ne2+ 45. Kf1 Nxc1 46. Ke1 Nd3+ 47. Kf1 Nf4 48. g3 Nxh3 49. Kg2 Rd1 50. Kh2 Rxa1 51. Kxh3 Rh1+ 52. Kg2 a1=Q 53. Kf3 Qe5 54. Kg2 Qxf5 55. g4 c3 56. gxf5 c2 57. Kxh1 c1=Q+ 58. Kg2 Qc2+ 59. Kg3 Qxf5 60. Kg2 Qf4 61. Kg1 Qf3 62. Kh2 Qe2+ 63. Kg1 f5 64. Kh1 Kf7 65. Kg1 Ke6 66. Kh1 Ke5
{[%emt 0:00:00] OnlyHungryKiwi won on time} 0-1

[Event "Fast Chess"]
[Site "ChessKid.com"]
[Date "2020.04.23"]
[Round "1"]
[White "Li, Tobias"]
[Black "Halimi, Dorian"]
[Result "1/2-1/2"]
[ECO "C42"]
[WhiteElo "1354"]
[BlackElo "1112"]
[Annotator "Fesselung; Figur fangen"]
[PlyCount "108"]
[EventDate "2020.??.??"]
[TimeControl "600"]
[WhiteClock "0:06:47"]
[BlackClock "0:06:39"]

1. e4 e5 2. Nf3 Nf6 3. Nxe5 Nxe4 4. Qe2 d5 5. c4 Bd6 6. cxd5 Bxe5 7. Qxe4 Qe7 8. d4 $4 f5 $4 9. Qxe5 Qxe5+ 10. dxe5 O-O 11.
Nc3 Na6 12. Be2 Re8 13. Bf4 Nb4 14. O-O Nc2 15. Rac1 Nd4 16.
Rfe1 Bd7 17. Red1 c5 18. Be3 Ba4 19. Nxa4 Nxe2+ 20. Kf1 Nxc1 21. Rxc1 Rxe5 22. Nxc5 Rc8 23. Nd7 Rxc1+ 24.
Bxc1 Rxd5 25. Nb8 Rd1+ 26. Ke2 Rxc1 27. Kd2 Rc8 (27... Rc7) 28. Nd7 Rd8 29. Kc3 Rxd7 30. Kc4 Kf7 31. Kc3 Ke6 32. b4 h5 33. a4 g5 34. f3 Rc7+ 35. Kb3 Kd5 36. g4 fxg4 37.
fxg4 hxg4 38. b5 Kd4 39. Kb4 Rc4+ 40. Ka5 b6+ 41. Ka6 Rc7 42. a5 bxa5 43. Kxa5 Kc4 44. Ka6 Rc5 45. b6 axb6 46. Kxb6 Rb5+ 47. Kc6 Rc5+ 48. Kd6 Ra5 49. Ke6 Kd3 50. Kf6 Ke3 51. Kg6 Kf3 52. Kh5 Kg2 53. h4 gxh4+ 54. Kxh4 Kf3 {[%emt 0:00:02] Game
drawn by stalemate} 1/2-1/2

[Event "Fast Chess"]
[Site "ChessKid.com"]
[Date "2020.04.23"]
[Round "1"]
[White "Li, Patrick"]
[Black "Dai, Lana"]
[Result "0-1"]
[ECO "C55"]
[WhiteElo "1096"]
[BlackElo "1275"]
[Annotator "Abzug; einzügiger Einsteller"]
[PlyCount "34"]
[EventDate "2020.??.??"]
[TimeControl "600"]
[WhiteClock "0:08:28"]
[BlackClock "0:07:33"]

1. e4 e5 2. Nf3 Nc6 3. Nc3 Nf6 4. Bc4 h6 5. O-O a6 6. h3 b5 7. Bb3 b4 8. Nd5 Nxd5 9. Bxd5 Bc5 10. Nh2 O-O 11. Qg4 d6 12. d4 Bxg4 13.
Nxg4 exd4 14. Bxc6 Rb8 15. Bd5 Qe7 16. Bc6 Rb6 17. Bd5 h5 {[%emt 0:00:16]
TopBrownCave won by resignation} 0-1

[Event "Fast Chess"]
[Site "ChessKid.com"]
[Date "2020.04.23"]
[Round "2"]
[White "Dai, Lana"]
[Black "Li, Tobias"]
[Result "0-1"]
[ECO "C50"]
[WhiteElo "1269"]
[BlackElo "1361"]
[PlyCount "126"]
[EventDate "2020.??.??"]
[TimeControl "600"]
[WhiteClock "0:06:32"]
[BlackClock "0:05:42"]

1. e4 e5 2. Nf3 Nc6 3. Nc3 Nf6 4. Bc4 Bc5 5. h3 O-O 6. a3 a6 7. d3 h6 8. O-O d6 9. Nd5 Be6 10. Nxf6+ Qxf6 11. Bxe6 Qxe6 12. b4 Bb6 13. a4 Nd4 14. Nxd4 Bxd4 15. Ra3 b5 16. axb5 axb5 17. Rxa8 Rxa8 18. Qf3 Ra1 19. Qg3 Bc3 20. Be3 Rxf1+ 21. Kxf1 Bxb4 22. d4 exd4 23. Bxd4 Qg6 24. Qxg6 fxg6 25. c3 Ba5 26. f4 b4 27. cxb4 Bxb4 28. e5 dxe5 29. fxe5 Kf7 30. g4 Ke6 31. Kf2 Bd2 32. Ke2 Bf4 33. Kf3 Bxe5 34. Bxe5 Kxe5 35. Kg3 c5 36. Kf2 c4 37. Ke2 Ke4 38. Kd2 Kd4 39. Kc2 c3 40. Kd1 Kd3 41. h4 g5 42. h5 Kc4 43.
Kc2 Kb4 44. Kd3 Kb3 45. Kd4 c2 46. Ke5 c1=Q 47. Kf5 Qg1 48.
Kg6 Qxg4 49. Kxg7 Qxh5 50. Kf6 g4 51. Ke6 Qg5 52. Kf7 Qf5+ 53.
Kg7 Qe6 54. Kh7 Qf6 55. Kg8 Qe7 56. Kh8 h5 57. Kg8 h4 58.
Kh8 h3 59. Kg8 h2 60. Kh8 g3 61. Kg8 g2 62. Kh8 h1=R+ 63. Kg8 g1=R# {[%emt 0:00:02] OnlyHungryKiwi won by checkmate} 0-1

[Event "Fast Chess"]
[Site "ChessKid.com"]
[Date "2020.04.23"]
[Round "2"]
[White "Halimi, Dorian"]
[Black "Kulcsar, Lisa"]
[Result "1-0"]
[ECO "C22"]
[WhiteElo "1116"]
[BlackElo "856"]
[Annotator "Entwicklungsfehler"]
[PlyCount "39"]
[EventDate "2020.??.??"]
[TimeControl "600"]
[WhiteClock "0:07:44"]
[BlackClock "0:08:41"]

1. e4 e5 2. d4 exd4 3. Qxd4 Be7 4. Bc4 Nh6 5. Qd5 O-O 6.
Nf3 Na6 $4 7. Bxa6 bxa6 8. Qxa8 Bc5 9. Nc3 Qh4 10. Nxh4 Bb7 11.
Qxb7 a5 12. Qxc7 Bxf2+ 13. Kxf2 Ng4+ 14. Kf3 Nf6 15. Nf5 Nxe4 16. Nxe4 Re8 17. Qxd7 Rf8 18. Ned6 Ra8 19. Ne7+ Kh8 20. Nxf7# {[%emt 0:00:01]
FullMagentaEclipse won by checkmate} 1-0

[Event "Fast Chess"]
[Site "ChessKid.com"]
[Date "2020.04.23"]
[Round "3"]
[White "Li, Patrick"]
[Black "Halimi, Dorian"]
[Result "1-0"]
[ECO "C40"]
[WhiteElo "1105"]
[BlackElo "1108"]
[Annotator "S+L gegn T+B, Einschlag f7, Abzug"]
[PlyCount "87"]
[EventDate "2020.??.??"]
[TimeControl "600"]
[WhiteClock "0:05:18"]
[BlackClock "0:02:55"]

1. e4 e5 2. Nf3 Bd6 3. Nc3 Nf6 4. Bc4 O-O 5. Ng5 h6 6.
Nxf7 $2 Nc6 $4 7. Nxd8+ Kh8 8. Nf7+ Kh7 9. Nxd6 cxd6 10. O-O b6 11. d3 Bb7 12. Qf3 Rae8 13. Bb5 Nd4 14. Qh3 Rd8 15. Qg3 Nxc2 16. Rb1 a6 17. Bc4 b5 18. Bb3 Nd4 19. Be3 Ne2+ 20. Nxe2 Rc8 21. Rbc1 Rce8 22. Qf3 Nxe4 23. Qh5 a5 24. Bf7 Re7 25. Bg6+ Kh8 26.
dxe4 Bxe4 27. Bxe4 b4 28. Qg6 Kg8 29. Qh7+ Kf7 30. Qg6+ Kg8 31. Qxd6 Rfe8 32. Bg6 Re6 33. Qxd7 R8e7 34. Qd8+ Re8 35. Bxe8 Kf8 36. Bd7+ Kf7 37. Bxe6+ Kxe6 38. Rc6+ Kf5 39. Qd3+ Kg4 40. h3+ Kh4 41. g3+ Kh5 42. g4+ Kh4 43. Bc5 g5 44. Rxh6# {
[%emt 0:00:11] WideClassyQuiz won by checkmate} 1-0

[Event "Fast Chess"]
[Site "ChessKid.com"]
[Date "2020.04.23"]
[Round "1"]
[White "Georgiev, Maximilian"]
[Black "Horvath, Alexander"]
[Result "1-0"]
[ECO "C42"]
[WhiteElo "1458"]
[BlackElo "1326"]
[PlyCount "53"]
[EventDate "2020.??.??"]
[TimeControl "300+10"]
[WhiteClock "0:02:25"]
[BlackClock "0:03:18"]

1. e4 e5 2. Nf3 Nf6 3. Nxe5 Nxe4 4. Qe2 f6 5. Qxe4 fxe5 6.
Qxe5+ Qe7 7. Qxe7+ Bxe7 8. Be2 Nc6 9. O-O d6 10. Nc3 Be6 11.
d3 O-O-O 12. a3 h5 13. b4 h4 14. b5 Nb8 15. h3 g5 16. Ne4 Rdg8 17. a4 g4 18.
hxg4 Bxg4 19. Bxg4+ Rxg4 20. Nd2 h3 21. Re1 Rxg2+ 22. Kh1 Bd8 23. Nf3 Rgg8 24. Rg1 Rf8 25. Bb2 Rh7 26. Nd4 Rxf2 27. Ne6 {[%emt 0:00:18] TallSnazzyBall won -
game abandoned} 1-0

[Event "Fast Chess"]
[Site "ChessKid.com"]
[Date "2020.04.23"]
[Round "1"]
[White "Li, Patrick"]
[Black "Li, Tobias"]
[Result "0-1"]
[ECO "C55"]
[WhiteElo "1091"]
[BlackElo "1363"]
[PlyCount "52"]
[EventDate "2020.??.??"]
[TimeControl "300+10"]
[WhiteClock "0:03:39"]
[BlackClock "0:02:49"]

1. e4 e5 2. Nf3 Nc6 3. Nc3 Nf6 4. Bc4 Bc5 5. Ng5 O-O 6.
Nxf7 Rxf7 7. Bxf7+ Kxf7 8. h3 d6 9. h4 a6 10. d3 Bb4 11. a3 Ba5 12. b4 Bb6 13. b5 axb5 14. Nxb5 Ng4 15. d4 Nxd4 16. Nxd4 Bxd4 17. Be3 Nxe3 18. fxe3 Bxa1 19. Qxa1 Be6 20. Qb2 Kg8 21.
Qxb7 Rxa3 22. Qb5 Ra1+ 23. Kf2 Rxh1 24. Qc6 Qd7 25. Qa8+ Qc8 26. Qc6 Rc1 {[%emt 0:00:15] OnlyHungryKiwi won by
resignation} 0-1

[Event "Fast Chess"]
[Site "ChessKid.com"]
[Date "2020.04.23"]
[Round "2"]
[White "Li, Tobias"]
[Black "Georgiev, Maximilian"]
[Result "0-1"]
[ECO "C55"]
[WhiteElo "1357"]
[BlackElo "1464"]
[PlyCount "54"]
[EventDate "2020.??.??"]
[TimeControl "300+10"]
[WhiteClock "0:03:54"]
[BlackClock "0:02:26"]

1. e4 e5 2. Nf3 Nc6 3. Nc3 Nf6 4. Bc4 h6 5. O-O Nxe4 6.
Bxf7+ Kxf7 7. Nxe4 Be7 8. Nc3 Rf8 9. d3 Kg8 10. Re1 d6 11. Nd5 Bg4 12. h3 Bxf3 13. Nxe7+ Qxe7 14. gxf3 Nd4 15. Be3 Nxf3+ 16. Kf1 Nxe1 17. Qxe1 b6 18. d4 exd4 19. Bxd4 Qxe1+ 20. Rxe1 Rfe8 21. Rd1 Re4 22. Bc3 Rae8 23. f3 Rh4 24. Kg2 Re2+ 25. Kg3 Rc4 26. Rc1 h5 27. a3 h4# {[%emt 0:00:11]
TallSnazzyBall won by checkmate} 0-1

[Event "Fast Chess"]
[Site "ChessKid.com"]
[Date "2020.04.23"]
[Round "3"]
[White "Georgiev, Maximilian"]
[Black "Li, Patrick"]
[Result "1-0"]
[ECO "C55"]
[WhiteElo "1466"]
[BlackElo "1089"]
[PlyCount "61"]
[EventDate "2020.??.??"]
[TimeControl "300+10"]
[WhiteClock "0:02:32"]
[BlackClock "0:02:57"]

1. e4 e5 2. Nf3 Nc6 3. Bc4 h6 4. O-O Nf6 5. Nc3 Nxe4 6. Nxe4 d5 7. Bxd5 Qxd5 8. Nc3 Qe6 9. Re1 Qg6 10. Kh1 Nb4 11. Nxe5 Qf5 12. Ng6+ Kd8 13. Nxh8 Nxc2 14. Rb1 Nxe1 15. Qxe1 Qh7 16. Nxf7+ Kd7 17. Ne5+ Kd8 18. Ra1 Bd6 19. Nf7+ Kd7 20. Nxd6 cxd6 21. d4 Qg6 22. Nd5 b6 23. Qe7+ Kc6 24. Nb4+ Kb5 25. Nd5 Rb8 26. Qxa7 Bb7 27. Qxb8 Bxd5 28. f3 Bc4 29. a4+ Kb4 30. Qxb6+ Bb5 31. Qxb5#
{[%emt 0:00:10] TallSnazzyBall won by checkmate} 1-0

[Event "Fast Chess"]
[Site "ChessKid.com"]
[Date "2020.04.23"]
[Round "3"]
[White "Horvath, Alexander"]
[Black "Li, Tobias"]
[Result "1/2-1/2"]
[ECO "C55"]
[WhiteElo "1327"]
[BlackElo "1356"]
[Annotator "Patt!"]
[PlyCount "112"]
[EventDate "2020.??.??"]
[TimeControl "300+10"]
[WhiteClock "0:01:13"]
[BlackClock "0:01:48"]

1. e4 e5 2. Nf3 Nc6 3. Nc3 Nf6 4. Bc4 Bc5 5. Ng5 O-O 6.
Bxf7+ Rxf7 7. Nxf7 Kxf7 8. O-O d6 9. d3 Qe8 10. Bg5 Qe6 11.
Bxf6 Qxf6 12. Nd5 Qg6 13. Qf3+ Kg8 14. b4 Be6 15. Nxc7 Rc8 16.
Nxe6 Qxe6 17. bxc5 dxc5 18. Qg3 Nd4 19. f4 Ne2+ 20. Kh1 Nxg3+ 21. hxg3 exf4 22. gxf4 Qh6+ 23. Kg1 Rf8 24. Rf3 Rxf4 25. Raf1 Rxf3 26. gxf3 Qd2 27. e5 Qxc2 28. e6 Qxd3 29. Re1 Kf8 30. f4 Qd4+ 31. Kf1 Qxf4+ 32. Kg1 Ke7 33. Rf1 Qe3+ 34. Rf2 Qxe6 35. Kf1 Kd7 36. Rd2+ Kc6 37. a4 b5 38. axb5+ Kxb5 39. Rb2+ Kc6 40. Rb1 Qe4 41. Ra1 Qd3+ 42. Kg2 Qe4+ 43. Kh3 Qf5+ 44. Kg2 Qe5 45. Rxa7 Qd5+ 46. Kf2 c4 47. Rxg7 Qd4+ 48. Ke2 Qxg7 49. Kd2 c3+ 50. Kc2 Qg3 51. Kc1 h5 52. Kc2 h4 53. Kd1 h3 54. Ke2 h2 55. Kf1 c2 56.
Ke2 c1=Q {[%emt 0:00:12] Game drawn by stalemate} 1/2-1/2

[Event "Fast Chess"]
[Site "ChessKid.com"]
[Date "2020.04.24"]
[Round "1"]
[White "Hlinka, Patrick"]
[Black "Stiedl, Dominik"]
[Result "1-0"]
[ECO "C23"]
[WhiteElo "1211"]
[BlackElo "1045"]
[Annotator "Gegenangriff"]
[PlyCount "51"]
[EventDate "2020.??.??"]
[TimeControl "600"]
[WhiteClock "0:07:18"]
[BlackClock "0:07:16"]

1. e4 e5 2. Bc4 Qf6 3. h4 Bc5 4. Nh3 d5 5. d3 Bxh3 6. O-O Qg6 7. Qf3 dxe4 $4 ({Gegenangriff} 7... Bg4 {gewinnt}) 8. Qxh3 Ne7 9. h5 Qf5 10. g4 Qf4 11. Bxf4 exf4 12.
dxe4 f3 13. Qxf3 O-O 14. Bd3 f6 15. e5 fxe5 16. Qe4 g6 17.
hxg6 hxg6 18. Bc4+ Kh7 19. Nc3 b6 20. Kg2 a5 21. Rh1+ Kg7 22.
Qxe5+ Rf6 23. Nd5 Bd6 24. Qe4 Nxd5 25. Qxd5 Bc5 26. Qg8# {[%emt 0:00:06] GoldMusicalTaxi
won by checkmate} 1-0